 Dungeon Crawl Stone Soup version 0.30.0-10-gfe55d96785 (webtiles) character file.

Game seed: 8013977438827876843

1253 RascalDebosk the Magician (level 8, 0/59 HPs)
             Began as a Djinni Fire Elementalist on May 14, 2023.
             Slain by a troll (10 damage)
             ... on level 6 of the Dungeon.
             The game lasted 00:35:06 (5234 turns).

RascalDebosk the Magician (DjFE)                    Turns: 5234, Time: 00:35:07

Health: 0/59       AC:  6    Str:  7    XL:     8   Next: 80%
Gold:   314        EV: 15    Int: 20    God:
                   SH:  0    Dex: 13

rFire   + + .        C - +2 short sword (vamp)
rCold   x . .        (no shield)
rNeg    . . .        z - +0 ring mail
rPois   ∞            f - +1 hat
rElec   .            (no cloak)
rCorr   .            (no gloves)
SInv    .            (boots unavailable)
Will    .....        (no amulet)
Stlth   ++           q - ring of wizardry
HPRegen 0.29/turn    t - +5 ring of evasion
MPRegen 0.00/turn

%: wizardry (x1), infuse magic (-1 HP)
@: flying
A: sickness immunity, fire resistance 2, cold vulnerability 1, float, innate
caster, HP casting, extra vitality 1
a: no special abilities


You were on level 6 of the Dungeon.
You visited 1 branch of the dungeon, and saw 6 of its levels.

You collected 314 gold pieces.

Inventory:

Hand Weapons
 y - a +0 rapier
 C - a +2 vampiric short sword (weapon)
Armour
 f - a +1 hat (worn)
 z - a +0 ring mail (worn)
Jewellery
 q - a ring of wizardry (left hand)
 t - a +5 ring of evasion (right hand)
Wands
 v - a wand of flame (2)
Scrolls
 a - 3 scrolls of blinking {unknown}
 b - a scroll of immolation {unknown}
 d - 2 scrolls of identify {unknown}
 g - a scroll of teleportation {unknown}
 i - a scroll of fog {unknown}
 l - a scroll of acquirement {unknown}
 o - a scroll of noise {unknown}
 p - a scroll of brand weapon {unknown}
 u - a scroll of torment {unknown}
 w - a scroll of vulnerability {unknown}
 x - a scroll of poison {unknown}
 B - a scroll of fear {unknown}
Potions
 c - 4 potions of lignification {unknown}
 e - 2 potions of berserk rage {unknown}
 h - a potion of invisibility {unknown}
 j - 4 potions of heal wounds {unknown}
 k - 8 potions of curing {unknown}
 m - 3 potions of degeneration {unknown}
 n - a potion of flight {unknown}
 r - a potion of haste {unknown}
 A - a potion of might {unknown}


   Skills:
 * Level 5.0 Fighting
 + Level 3.4 Armour
 - Level 2.1 Dodging
 + Level 3.6 Stealth
 * Level 5.7 Spellcasting


You knew the following spells:

 Your Spells              Type           Power      Damage    Failure   Level
a - Foxfire               Conj/Fire      100%       2x1d9     1%          1
b - Scorch                Fire           56%        2d7       1%          2
c - Volatile Blastmotes   Fire/Tloc      56%        2d14      4%          3
d - Inner Flame           Hex/Fire       28%        N/A       4%          3
e - Flame Wave            Conj/Fire      28%        2d9       13%         4
f - Sting                 Tmut/Pois      100%       1d8       1%          1
g - Ensorcelled Hibernat  Hex/Ice        56%        N/A       1%          2
h - Confusing Touch       Hex            28%        N/A       4%          3
Your spell library was empty.

Dungeon Overview and Level Annotations

Branches:
Dungeon (6/15)
 Temple: D:4-7

Altars:
Dithmenos
Fedhas
Nemelex Xobeh
Trog
Wu Jian
Zin
The Shining One

Shops:
D:2 (


Innate Abilities, Weirdness & Mutations

You are immune to sickness and miasma.
You are immune to poison.
Your flesh is very heat resistant. (rF++)
You are vulnerable to cold. (rC-)
You float through the air rather than walking.
You learn spells naturally, not from books.
Your magical power is your life essence.
You have superior vitality. (+4 MHP)


Message History

You kill the hound!
Your foxfire dissipates! x2
Your magical contamination has completely faded away.
You reach down and open the door.
There is an open door here.
Found 3 boomerangs.
You reach down and open the door.
There is an open door here.
Found a stone staircase leading up.
There is an open door here.
You see here 3 poisoned darts.
Done exploring.
There is a stone staircase leading down here.
You fly downwards.
There is a stone staircase leading up here.
A jelly comes into view.
Casting: Foxfire (safe; 1% risk of failure)
Confirm with . or Enter, or press ? or * to list all spells.
You conjure some foxfire!
Casting: Foxfire (safe; 1% risk of failure)
Confirm with . or Enter, or press ? or * to list all spells.
You conjure some foxfire!
Casting: Foxfire (safe; 1% risk of failure)
Confirm with . or Enter, or press ? or * to list all spells.
There is not enough space to conjure foxfire!
Casting: Foxfire (safe; 1% risk of failure)
Confirm with . or Enter, or press ? or * to list all spells.
There is not enough space to conjure foxfire!
The foxfire hits the jelly!
The jelly is heavily wounded.
The jelly quivers.
The foxfire hits the jelly!
The jelly is almost dead.
Casting: Foxfire (safe; 1% risk of failure)
Confirm with . or Enter, or press ? or * to list all spells.
You conjure some foxfire!
Your foxfire dissipates!
Casting: Foxfire (safe; 1% risk of failure)
Confirm with . or Enter, or press ? or * to list all spells.
You conjure some foxfire!
The foxfire hits the jelly.
You kill the jelly!
Your Fighting skill increases to level 5!
Your foxfire dissipates!
Your foxfire dissipates!
HP restored.
A troll comes into view.
Casting: Foxfire (safe; 1% risk of failure)
Confirm with . or Enter, or press ? or * to list all spells.
You conjure some foxfire!
Casting: Foxfire (safe; 1% risk of failure)
Confirm with . or Enter, or press ? or * to list all spells.
You conjure some foxfire!
The foxfire hits the troll.
The troll is lightly wounded.
The foxfire hits the troll but does no damage.
Casting: Foxfire (safe; 1% risk of failure)
Confirm with . or Enter, or press ? or * to list all spells.
You conjure some foxfire!
The foxfire hits the troll but does no damage. x2
Casting: Foxfire (safe; 1% risk of failure)
Confirm with . or Enter, or press ? or * to list all spells.
You conjure some foxfire!
The troll bites you! The troll claws you. The troll claws you!
Casting: Foxfire (safe; 1% risk of failure)
Confirm with . or Enter, or press ? or * to list all spells.
There is not enough space to conjure foxfire!
Casting: Foxfire (safe; 1% risk of failure)
Confirm with . or Enter, or press ? or * to list all spells.
There is not enough space to conjure foxfire!
The foxfire hits the troll.
The troll is lightly wounded.
The foxfire hits the troll but does no damage.
The troll is lightly wounded.
The foxfire hits the troll.
The troll is lightly wounded.
The troll bites you!
* * * LOW HITPOINT WARNING * * *
The troll barely misses you. The troll claws you but does no damage.
Casting: Foxfire (safe; 1% risk of failure)
Confirm with . or Enter, or press ? or * to list all spells.
Flames lash the troll.
The troll is lightly wounded.
The troll's fire resistance burns away.
* * * LOW HITPOINT WARNING * * *
You hear an angry hiss.
The foxfire hits the troll.
The troll is lightly wounded.
The troll barely misses you. The troll claws you.
* * * LOW HITPOINT WARNING * * *
The troll claws you but does no damage.
Casting: Scorch (safe; 1% risk of failure)
Confirm with . or Enter, or press ? or * to list all spells.
Flames lash the troll.
The troll is burned terribly!
The troll is moderately wounded.
* * * LOW HITPOINT WARNING * * *
You hear an angry hiss.
An adder comes into view.
An iguana comes into view.
The troll bites you but does no damage. The troll claws you.
* * * LOW HITPOINT WARNING * * *
The troll claws you!
You die...

### #.. #.#
#######.#
l..../..####
S.....T....####
#@......#
#.##.##.# #.##.#
.##.##
#.##.##.....#
#......# #
##..###.###..#
........# #......#
#######.###.####.#
#.....#


You could see a troll (combustible), an iguana and an adder (wandering).

Vanquished Creatures
  Eustachio (D:4)
  Edmund (D:5)
  Duvessa (D:5)
  A black bear (D:5)
  An ogre (D:5)
  2 scorpions (D:5)
  Dowan (D:5)
  A crimson imp (D:4)
  2 jellies
  2 orc priests (D:4)
  3 hounds
  A sleepcap (D:5)
  3 iguanas (D:5)
  Robin (D:3)
  7 adders
  A white imp (D:4)
  An ufetubus (D:4)
  2 worms (D:2)
  4 dart slugs
  11 orcs
  6 ball pythons
  8 endoplasms
  9 giant cockroaches
  10 goblins
  8 hobgoblins
  5 quokkas
  4 bats
  4 frilled lizards
  3 goblin skeletons (D:4)
  A goblin zombie (D:4)
  2 hobgoblin zombies (D:4)
  9 kobolds
  A kobold skeleton (D:4)
  5 rats
122 creatures vanquished.

Vanquished Creatures (collateral kills)
  7 foxfires (D:1)
7 creatures vanquished.

Vanquished Creatures (others)
  A wizard (D:5)
  460 foxfires
461 creatures vanquished.

Grand Total: 590 creatures vanquished

Notes
Turn   | Place    | Note
-------+----------+-------------------------------------------
     0 | D:1      | RascalDebosk the Djinni Fire Elementalist began the quest
                  | for the Orb.
     0 | D:1      | RascalDebosk set off with the following spells memorised:
                  | Foxfire, Scorch, Volatile Blastmotes, Inner Flame, Flame
                  | Wave.
     0 | D:1      | Reached XP level 1. HP: 15/15 MP: 0/0
   182 | D:1      | Reached XP level 2. HP: 19/21 MP: 0/0
   543 | D:1      | Reached XP level 3. HP: 24/25 MP: 0/0
   543 | D:1      | Learned a level 1 spell: Sting
   989 | D:2      | Found Uzycream's Antique Weapon Shoppe.
  1238 | D:2      | Reached XP level 4. HP: 23/31 MP: 0/0
  1797 | D:3      | Found a sparkling altar of Nemelex Xobeh.
  1830 | D:3      | Reached XP level 5. HP: 35/36 MP: 0/0
  1830 | D:3      | Learned a level 2 spell: Ensorcelled Hibernation
  1854 | D:3      | Reached skill level 1 in Fighting
  1882 | D:3      | Found a faded altar of an unknown god.
  1993 | D:3      | Found a glowing silver altar of Zin.
  2239 | D:3      | Noticed Robin
  2361 | D:3      | Killed Robin
  2514 | D:4      | Reached skill level 1 in Armour
  2514 | D:4      | Reached XP level 6. HP: 38/43 MP: 0/0
  2750 | D:4      | Found a blossoming altar of Fedhas.
  2750 | D:4      | Found an ornate altar of the Wu Jian Council.
  2750 | D:4      | Found a shadowy altar of Dithmenos.
  2786 | D:4      | Noticed Eustachio
  2804 | D:4      | Killed Eustachio
  2805 | D:4      | Reached XP level 7. HP: 17/49 MP: 0/0
  2805 | D:4      | Learned a level 3 spell: Confusing Touch
  3007 | D:4      | Found a glowing golden altar of the Shining One.
  4151 | D:5      | Entered Level 5 of the Dungeon
  4330 | D:5      | Reached skill level 5 in Spellcasting
  4330 | D:5      | Reached XP level 8. HP: 52/58 MP: 0/0
  4434 | D:5      | Noticed Dowan
  4434 | D:5      | Noticed Duvessa
  4452 | D:5      | Killed Dowan
  4476 | D:5      | Killed Duvessa
  4585 | D:5      | Noticed Edmund
  4594 | D:5      | Killed Edmund
  4773 | D:5      | Found a bloodstained altar of Trog.
  4774 | D:5      | Noticed a wizard
  4779 | D:5      | Killed a wizard
  5212 | D:6      | Reached skill level 5 in Fighting
  5227 | D:6      | Noticed a troll
  5234 | D:6      | Slain by a troll

Illustrated notes

Levels and vault maps discovered:
D:1:      shiori_shiawase, layout_basic, serial_forest,
          infiniplex_forest_straight_2, infiniplex_forest_split,
          infiniplex_forest_corner_1, infiniplex_forest_straight_2,
          infiniplex_forest_3_way, infiniplex_forest_lined_1,
          infiniplex_forest_clump_small, minmay_heptomino_l4
D:2:      layout_rooms, serial_shops, shop, grunt_ministairs_10,
          minmay_worlds_worst_comb
D:3:      layout_basic, zin_statuary, marbit_many_paths,
          chequers_ecumenical_altar_island, uniq_robin
D:4:      layout_basic, nicolae_tso_besieged_by_evil,
          gammafunk_temple_overflow_forgotten, uniq_eustachio
D:5:      layout_basic, trog_wizard, nrook_loot_triangle,
          hangedman_abyss_or_decor_passed, uniq_edmund, uniq_duvessa
D:6:      layout_loops_ring, mainiacjoe_overflow_surrounded_room,
          minmay_temple_entry_statues_fountains, chequers_serial_rivers_room_b,
          dk_noncrumbling_3, nrook_uturn

Skill      XL: |  1  2  3  4  5  6  7  8 |
---------------+-------------------------+-----
Spellcasting   | 3 4 5 |  5.7
Fighting       | 1 2 3 5 |  5.0
Armour         | 1 2 3 |  3.4
Stealth        | 2 3 |  3.6
Dodging        | |  2.1

Action                     |  1- 3 |  4- 6 |  7- 9 || total
---------------------------+-------+-------+-------++-------
  Melee: Short sword       |       |     6 |    42 ||    48
         Rapier            |       |       |    32 ||    32
         Punch             |       |       |     2 ||     2
   Cast: Foxfire           |   102 |    71 |   103 ||   276
         Scorch            |     6 |    19 |    27 ||    52
         Sting             |       |     3 |     9 ||    12
         Ensorcelled Hiber |       |     8 |     4 ||    12
         Volatile Blastmot |       |     3 |     7 ||    10
         Inner Flame       |       |     1 |       ||     1
         Flame Wave        |       |     1 |     2 ||     3
         Confusing Touch   |       |       |     1 ||     1
   Stab: Sleeping          |       |     4 |       ||     4
         Confused          |       |       |     1 ||     1
 Armour: Robe              |     2 |     2 |    10 ||    14
         Ring mail         |       |       |     5 ||     5
  Dodge: Dodged            |     1 |    14 |    90 ||   105
